 Dungeon Crawl Stone Soup version 0.20.1-1-g8b1a95d (webtiles) character file.

179 microfolk the Chopper (level 5, 0/48 HPs)
             Began as a Hill Orc Monk on Jan 4, 2018.
             Succumbed to a worker ant's poison
             ... on level 4 of the Dungeon.
             The game lasted 00:10:10 (4350 turns).

microfolk the Chopper (Hill Orc Monk)               Turns: 4350, Time: 00:10:10

Health: 0/48       AC:  2    Str: 15    XL:     5   Next: 59%
Magic:  5/5        EV: 13    Int: 10    God:
Gold:   152        SH:  0    Dex: 13    Spells: 4/4 levels left

rFire    . . .     SeeInvis .   a - +0 hand axe
rCold    . . .     Gourm    .   (no shield)
rNeg     . . .     Faith    .   b - +0 robe
rPois    .         Spirit   .   (no helmet)
rElec    .         Reflect  .   (no cloak)
rCorr    .         Harm     .   (no gloves)
MR       .....                  (no boots)
Stlth    ++........             (no amulet)
Regen    0.2/turn               (no ring)
MPRegen  0.1/turn               (no ring)

@: lethally poisoned (0 -> -4)
A: no striking features
a: no special abilities


You were on level 4 of the Dungeon.
You were not hungry.

You visited 1 branch of the dungeon, and saw 4 of its levels.

You collected 152 gold pieces.

Inventory:

Hand Weapons
 a - a +0 hand axe (weapon)
 k - a +1 short sword of flaming
Missiles
 i - a throwing net (quivered)
 p - 5 javelins
 u - 16 poisoned needles
Armour
 b - a +0 robe (worn)
 l - a +1 helmet
Jewellery
 f - an uncursed ring of flight {unknown}
 y - a +3 ring of protection {unknown}
Scrolls
 d - a scroll of remove curse {unknown}
 j - a scroll of identify {unknown}
 m - a scroll of enchant weapon
 o - a scroll of enchant armour
 r - 2 scrolls of teleportation
 t - a scroll of magic mapping {unknown}
Potions
 e - a potion of lignification {unknown}
 g - 2 potions of mutation {unknown}
 h - a potion of cancellation {unknown}
 v - a potion of might {unknown}
 w - a potion of invisibility {unknown}
 x - a potion of curing {unknown}
 z - a potion of heal wounds {unknown}
Comestibles
 c - 2 bread rations
 n - a royal jelly
 q - a meat ration


   Skills:
 + Level 5.1 Fighting
 + Level 5.9 Axes
 + Level 2.7 Armour
 - Level 2.4 Dodging
 - Level 1.5 Stealth


You had 4 spell levels left.
You didn't know any spells.

Dungeon Overview and Level Annotations

Branches:
Dungeon (4/15)             Temple (0/1) D:4

Altars:
Ashenzari


Message History

You hit the worker ant.
The worker ant is almost dead.
You feel sick. The worker ant bites you.
* * * LOW HITPOINT WARNING * * *
You hit the worker ant but do no damage.
The worker ant is almost dead.
The worker ant barely misses you. x2
You closely miss the worker ant.
The worker ant is almost dead.
The worker ant bites you!
* * * LOW HITPOINT WARNING * * *
You are lethally poisoned!
The worker ant poisons you!
You hit the worker ant.
You kill the worker ant!
* * * LOW HITPOINT WARNING * * *
You feel sick.
* * * LOW HITPOINT WARNING * * *
You feel sick.
You die...

...................####...####
....#.#..###....##....#...#
##.##......#....####..#.....
...##....#.....w...#..##.##...
###.......##....##........
..... #.#.###.#####†## #......
.... #.# # #.# #..# #.##. ....
.# #.# ##.## .# .. ... .#
##'######@.# . .# #........#.#
#........#.# #........#.#
#...<....#.# #........#.. .
#........##. # #........# .
##########


You could see a worm.

Vanquished Creatures
  A worker ant (D:4)
  4 gnolls
  3 adders
  An ooze (D:1)
  An adder skeleton (D:4)
  3 worms
  3 dart slugs
  A leopard gecko (D:2)
  An orc (D:3)
  5 bats
  3 giant cockroaches
  4 goblins
  6 hobgoblins
  10 jackals
  10 kobolds
  A ball python (D:3)
  5 frilled lizards
  8 rats
70 creatures vanquished.

Notes
Turn   | Place    | Note
-------+----------+-------------------------------------------
     0 | D:1      | microfolk the Hill Orc Monk began the quest for the Orb.
     0 | D:1      | Reached XP level 1. HP: 19/19 MP: 1/1
   281 | D:1      | Reached XP level 2. HP: 27/27 MP: 2/2
   514 | D:1      | Reached skill level 1 in Armour
   831 | D:1      | Reached XP level 3. HP: 20/33 MP: 3/3
  1946 | D:2      | Reached XP level 4. HP: 41/41 MP: 4/4
  2139 | D:2      | Reached skill level 5 in Axes
  2340 | D:2      | Noticed a sky beast
  3279 | D:3      | Reached XP level 5. HP: 41/47 MP: 5/5
  3820 | D:4      | Found a staircase to the Ecumenical Temple.
  4010 | D:4      | Noticed an ogre
  4087 | D:3      | Reached skill level 5 in Fighting
  4308 | D:4      | Found a shattered altar of Ashenzari.
  4347 | D:4      | HP: 2/48 [poisoned by a worker ant]
  4350 | D:4      | Succumbed to a worker ant's poison

Skill      XL: |  1  2  3  4  5 |
---------------+----------------+-----
Armour         | 1 2 |  2.7
Fighting       | 4 5 |  5.1
Axes           | 5 |  5.9
Dodging        | |  2.4
Stealth        | |  1.5

Action                   |  1- 3 |  4- 6 || total
-------------------------+-------+-------++-------
Melee: Hand axe          |   157 |   163 ||   320
  Use: Scroll            |       |     3 ||     3
 Stab: Sleeping          |     1 |     4 ||     5
  Eat: Chunk             |     3 |     8 ||    11
Armor: Robe              |    22 |    21 ||    43
Dodge: Dodged            |   103 |   105 ||   208
